 Dungeon Crawl Stone Soup version 0.22.1-5-g62c59d919a (webtiles) character file.

767 NochnoyZador the Skirmisher (level 7, -10/112 HPs)
             Began as a Troll Monk on Jan 12, 2019.
             Was a Believer of Trog.
             Killed from afar by an electric eel (18 damage)
             ... with a bolt of electricity
             ... on level 5 of the Dungeon.
             The game lasted 00:17:10 (3415 turns).

NochnoyZador the Skirmisher (Troll Monk)            Turns: 3415, Time: 00:17:13

Health: -10/112    AC:  5    Str: 25    XL:     7   Next: 52%
Magic:  6/6        EV: 11    Int:  6    God:    Trog [**....]
Gold:   128        SH:  0    Dex: 14    Spells: 6/6 levels left

rFire    . . .     SeeInvis .     - Unarmed
rCold    . . .     Gourm    +   (no shield)
rNeg     . . .     Faith    .   a - +0 robe
rPois    .         Spirit   .   (helmet restricted)
rElec    .         Reflect  .   (no cloak)
rCorr    .         Harm     .   (gloves unavailable)
MR       ++...                  (boots unavailable)
Stlth    ..........             (no amulet)
HPRegen  1.68/turn              (no ring)
MPRegen  0.10/turn              (no ring)

@: berserking, regenerating, very quick
A: large, unfitting armour, claws 3, fast metabolism 3, gourmand, regeneration
1, shaggy fur 1, tough skin 2
a: Berserk, Trog's Hand, Renounce Religion


You were on level 5 of the Dungeon.
You worshipped Trog.
Trog was pleased with you.
You were very full.

You visited 2 branches of the dungeon, and saw 6 of its levels.

You collected 128 gold pieces.

Inventory:

Hand Weapons
 p - a +0 club
 q - a +0 hunting sling
 v - a +0 giant spiked club
Missiles
 i - 121 stones (quivered)
 y - 60 sling bullets
Armour
 a - a +0 robe (worn)
 s - a +0 cloak
Jewellery
 d - an uncursed ring of protection from cold {unknown}
 r - an uncursed amulet of magic regeneration {unknown}
 B - an uncursed ring of see invisible {unknown}
 C - the ring "Gapiu" {rCorr +Inv, unknown}
   (You found it on level 5 of the Dungeon)

   [ring of resist corrosion]

   It lets you turn invisible.
Wands
 w - a wand of iceblast (10)
 D - a wand of flame (23)
Scrolls
 e - a scroll of amnesia {unknown}
 f - a scroll of fog {unknown}
 j - 5 scrolls of enchant armour {unknown}
 k - a scroll of noise {unknown}
 l - 2 scrolls of teleportation {unknown}
 o - a scroll of random uselessness {unknown}
 u - a scroll of remove curse {unknown}
 x - 5 scrolls of identify {unknown}
Potions
 c - a potion of heal wounds {unknown}
 g - 2 potions of lignification {unknown}
 h - a potion of berserk rage {unknown}
 m - a potion of mutation {unknown}
 n - a potion of flight {unknown}
 t - 3 potions of might {unknown}
 z - a potion of ambrosia {unknown}
 A - a potion of agility {unknown}
Comestibles
 b - 9 rations


   Skills:
 * Level 6.1 Fighting
 * Level 3.1 Dodging
 * Level 1.5 Stealth
 * Level 4.9 Unarmed Combat


You had 6 spell levels left.
You didn't know any spells.
Your spell library was empty.

Dungeon Overview and Level Annotations

Branches:
Dungeon (5/15)             Temple (1/1) D:4

Altars:
Ashenzari
Cheibriados
Dithmenos
Elyvilon
Fedhas
Hepliaklqana
Kikubaaqudgha
Makhleb
Nemelex Xobeh
Qazlal
Ru
Sif Muna
Trog
Uskayaw
Vehumet
Wu Jian
Xom
Yredelemnul
Zin
The Shining One

Annotations:
D:5 1 transporter


Innate Abilities, Weirdness & Mutations

You are too large for most types of armour.
You have claws for hands.
Your metabolism is lightning-fast.
You like to eat raw meat.
Your natural rate of healing is unusually fast.
You are covered in fur. (AC +1)
You have very tough skin. (AC +2)


Message History

The electric eel is severely wounded.
The electric eel shoots out a bolt of lightning at you!
The bolt of electricity hits you! x2
* * * LOW HITPOINT WARNING * * *
The electric eel shoots out a bolt of lightning at you!
The bolt of electricity misses you.
Your skin crawls.
You feel resistant to hostile enchantments.
You feel somewhat less full.
The electric eel shoots out a bolt of lightning at you!
The bolt of electricity hits you!
* * * LOW HITPOINT WARNING * * *
A red film seems to cover your vision as you go berserk!
You feel yourself moving faster!
You feel mighty!
You feel quite a bit less full.
The electric eel shoots out a bolt of lightning at you!
The bolt of electricity hits you!
* * * LOW HITPOINT WARNING * * *
The bolt of electricity hits you!
You die...

##### #......>.##
###.......#
##################.#
#..................##
#.###############...#
#####.#8P#≈≈≈≈≈≈≈#P8#.#.#
......#..#P≈≈≈≈..#..#...#
###..©#©}+≈≈≈⌠P..'.©#©..#
##..#..#≈P≈≈≈.@#..#..##
##.#8P#≈≈≈≈≈;;#P8#.##
#.###############.#
#.................#
###################


You could see 2 electric eels.

Vanquished Creatures
  An ice beast (D:5)
  An ogre (D:5)
  A centaur (D:5)
  A scorpion (D:5)
  A centaur zombie (D:5)
  A bullfrog zombie (D:5)
  A hound (D:5)
  A bullfrog skeleton (D:4)
  2 centaur skeletons (D:4)
  An iguana (D:5)
  2 worker ants
  Robin (D:3)
  4 gnolls (D:4)
  6 adders
  A shadow imp (D:5)
  An ooze (D:4)
  An adder skeleton (D:5)
  A worm (D:2)
  2 dart slugs
  2 leopard geckos
  2 orcs (D:3)
  A giant cockroach (D:2)
  16 goblins
  10 hobgoblins
  5 kobolds
  A quokka (D:5)
  2 ball pythons
  13 bats
  4 frilled lizards (D:1)
  A quokka skeleton (D:4)
  8 rats
95 creatures vanquished.

Notes
Turn   | Place    | Note
-------+----------+-------------------------------------------
     0 | D:1      | NochnoyZador the Troll Monk began the quest for the Orb.
     0 | D:1      | Reached XP level 1. HP: 22/22 MP: 0/0
   106 | D:1      | Reached skill level 3 in Fighting
   106 | D:1      | Reached XP level 2. HP: 31/31 MP: 1/1
   404 | D:1      | Reached XP level 3. HP: 37/37 MP: 2/2
   437 | D:1      | Found a sparkling altar of Nemelex Xobeh.
   837 | D:2      | Reached skill level 4 in Fighting
   993 | D:2      | Reached XP level 4. HP: 48/48 MP: 3/3
  1218 | D:3      | Noticed Robin
  1246 | D:3      | Killed Robin
  1590 | D:3      | Found a snail-covered altar of Cheibriados.
  1638 | D:3      | Reached XP level 5. HP: 26/55 MP: 4/4
  2054 | D:4      | Reached skill level 5 in Fighting
  2062 | D:4      | Found a staircase to the Ecumenical Temple.
  2151 | Temple   | Entered the Ecumenical Temple
  2303 | Temple   | Became a worshipper of Trog the Wrathful
  2303 | Temple   | Reached * piety under Trog
  2303 | Temple   | Reached ** piety under Trog
  2533 | D:4      | Reached XP level 6. HP: 55/66 MP: 5/5
  2671 | D:5      | Entered Level 5 of the Dungeon
  2715 | D:5      | Reached XP level 7. HP: 20/74 MP: 6/6
  2824 | D:5      | Reached skill level 6 in Fighting
  2908 | D:5      | Found a transporter.
  2929 | D:5      | Found a transporter.
  3174 | D:5      | Got a crude marble ring
  3415 | D:5      | Killed from afar by an electric eel

Skill      XL: |  1  2  3  4  5  6  7 |
---------------+----------------------+-----
Fighting       | 3 4 5 6 |  6.1
Unarmed Combat | 4 |  4.9
Dodging        | 3 |  3.1
Stealth        | |  1.5

Action                   |  1- 3 |  4- 6 |  7- 9 || total
-------------------------+-------+-------+-------++-------
Melee: Unarmed           |   104 |   134 |    44 ||   282
       Punch             |     2 |     5 |       ||     7
Invok: Berserk           |       |       |     1 ||     1
       Trog's Hand       |       |       |     1 ||     1
 Stab: Sleeping          |     4 |     3 |     2 ||     9
  Eat: Chunk             |    15 |    15 |     6 ||    36
Armor: Robe              |    63 |    36 |     8 ||   107
Dodge: Dodged            |    54 |    66 |    22 ||   142
